 Dungeon Crawl Stone Soup version 0.30.1-11-g7821555f0a (webtiles) character file.

Game seed: 1071700387141230743

17 Kunzite the Digger (level 2, -4/19 HPs)
             Began as a Demonspawn Earth Elementalist on Jan 5, 2024.
             Slain by Sigmund
             ... wielding a +0 scythe
              (10 damage)
             ... on level 2 of the Dungeon.
             The game lasted 00:02:22 (427 turns).

Kunzite the Digger (Demonspawn Earth Elementalist)   Turns: 427, Time: 00:02:23

Health: -4/19      AC:  8    Str:  8    XL:     2   Next: 44%
Magic:  5/5        EV: 12    Int: 16    God:
Gold:   0          SH:  0    Dex: 13    Spells: 2/5 levels left

rFire   . . .        d - +0 short sword
rCold   . . .        (no shield)
rNeg    . . .        a - +0 robe
rPois   .            (no helmet)
rElec   .            (no cloak)
rCorr   .            (no gloves)
SInv    .            (no boots)
Will    .....        (no amulet)
Stlth   ++           (no ring)
HPRegen 0.23/turn    (no ring)
MPRegen 0.09/turn

%: no passive effects
@: sanguine armoured
A: sanguine armour 1
a: no special abilities


You were on level 2 of the Dungeon.
You visited 1 branch of the dungeon, and saw 2 of its levels.

Inventory:

Hand Weapons
 d - a +0 short sword (weapon)
Armour
 a - a +0 robe (worn)
Potions
 b - a potion of magic


   Skills:
 * Level 0.3 Fighting
 * Level 0.3 Short Blades
 * Level 1.8 Dodging
 * Level 1.8 Stealth
 * Level 2.2 Spellcasting
 * Level 1.0 Transmutations
 * Level 3.0 Earth Magic


You had 2 spell levels left.
You knew the following spells:

 Your Spells              Type           Power      Damage    Failure   Level
a - Sandblast             Erth           22%        2d7       6%          1
b - Passwall              Tmut/Erth      6%         N/A       13%         2

Your spell library contained the following spells:

 Spells                   Type           Power      Damage    Failure   Level
 Stone Arrow              Conj/Erth      12%        3d7       32%         3
 Petrify                  Tmut/Erth      8%         N/A       65%         4


Dungeon Overview and Level Annotations

Branches:
Dungeon (2/15)

Altars:

Annotations:
D:2 Sigmund


Innate Abilities, Weirdness & Mutations

When seriously injured, your blood forms armour. (AC +6)


Message History

You miss something. Something hits you but does no damage.
You hit something but do no damage.
You hear some strange, mumbled words.
Something tries to affect you, but you resist.
You miss something. Something hits you but does no damage.
You miss something. You hit something but do no damage. Something hits you.
You closely miss something. Something hits you.
You closely miss something. You barely miss something.
Your transformation is almost over.
Something hits you.
You hit something. Something hits you but does no damage.
You miss something. You hit something. Something hits you but does no damage.
You completely miss something. Something hits you but does no damage.
You barely miss something. You barely miss something. Something hits you!
You hit something. You barely miss something. Something hits you!
* * * LOW HITPOINT WARNING * * *
You aren't carrying any scrolls.
You hit something but do no damage.
You feel less wooden.
Your +0 robe unmelds from your body.
Your blood congeals into armour.
You hear some strange, mumbled words.
A puff of flame appears from out of thin air!
The puff of flame misses you.
You miss something.
You hear some strange, mumbled words.
A magic dart appears from out of thin air!
The magic dart hits you but does no damage.
You hit something.
You hear some strange, mumbled words.
Something tries to affect you, but you resist.
You barely miss something. Something hits you but does no damage.
You closely miss something. You miss something. Something hits you!
Ouch! That really hurt!
You die...

#...#.#
#...#.#
#....<#
....#.#.#
# .. #.#
..# #.#
## #.#
#.# #@#
#{# #.#
#.# #.#
#.# #..
#..


There were no monsters in sight!

Vanquished Creatures
  2 ball pythons (D:1)
  2 bats (D:1)
  3 goblins (D:1)
  3 hobgoblins (D:1)
  A quokka (D:1)
  2 frilled lizards (D:1)
  A kobold (D:1)
  A rat (D:1)
15 creatures vanquished.

Notes
Turn   | Place    | Note
-------+----------+-------------------------------------------
     0 | D:1      | Kunzite the Demonspawn Earth Elementalist began the quest
                  | for the Orb.
     0 | D:1      | Reached XP level 1. HP: 13/13 MP: 3/3
   158 | D:1      | Gained mutation: When seriously injured, your blood forms
                  | armour. (AC +6) [demonic ancestry]
   158 | D:1      | Reached XP level 2. HP: 19/19 MP: 3/5
   161 | D:1      | Learned a level 2 spell: Passwall
   197 | D:1      | Reached skill level 3 in Earth Magic
   364 | D:1      | Reached skill level 1 in Transmutations
   370 | D:2      | Noticed Sigmund
   396 | D:2      | HP: 1/28 [Sigmund/+0 scythe (6)]
   427 | D:2      | Slain by Sigmund

Illustrated notes

Levels and vault maps discovered:
D:1:      saegor_arrival_simple_b, layout_rooms
D:2:      layout_basic, hellmonk_ecumenical_altar_inner_sanctum,
          minmay_close_crescents, uniq_terence, uniq_sigmund,
          uniq_crazy_yiuf_cottage

Skill      XL: |  1  2 |
---------------+-------+-----
Earth Magic    | 3 |  3.0
Transmutations | 1 |  1.0
Fighting       | |  0.3
Short Blades   | |  0.3
Dodging        | |  1.8
Stealth        | |  1.8
Spellcasting   | |  2.2

Action                     || total
---------------------------++-------
  Melee: Unarmed           ||     1
         Short sword       ||    33
   Cast: Sandblast         ||    24
    Use: Potion            ||     3
         Scroll            ||     1
   Stab: Sleeping          ||     2
 Armour: Robe              ||     6
         Skin              ||    10
  Dodge: Dodged            ||    14
